[Event "GER-ch Blitz 2019"]
[Site "Magdeburg"]
[Date "2019.05.25"]
[Round "12.3"]
[White "Braeuer, Franz"]
[Black "Wichmann, Cliff"]
[Result "1/2-1/2"]
[ECO "C06"]
[WhiteElo "2445"]
[BlackElo "2280"]
[Annotator "NA"]
[PlyCount "23"]
[EventDate "2019.05.25"]
[EventType "tourn"]
[EventCountry "GER"]
[Tiebreak "Number of wins+Number of black wins"]
[SourceTitle "playchess.com"]
[Source "ChessBase"]
[SourceQuality "1"]
[TimeControl "180+2"]

1. e4 e6 2. d4 d5 3. Nd2 Nf6 4. e5 Nfd7 5. Bd3 c5 6. c3 Nc6 7.
Ne2 cxd4 8. cxd4 f6 9. exf6 Nxf6 10. O-O Bd6 11. Nf3 Qc7 12. Nc3 1/2-1/2

[Event "GER-ch Blitz 2019"]
[Site "Magdeburg"]
[Date "2019.05.25"]
[Round "12.4"]
[White "Feuerstack, Aljoscha"]
[Black "Ehmann, Thilo"]
[Result "0-1"]
[ECO "B22"]
[WhiteElo "2441"]
[BlackElo "2291"]
[Annotator "NA"]
[PlyCount "90"]
[EventDate "2019.05.25"]
[EventType "tourn"]
[EventCountry "GER"]
[Tiebreak "Number of wins+Number of black wins"]
[SourceTitle "playchess.com"]
[Source "ChessBase"]
[SourceQuality "1"]
[TimeControl "180+2"]

1. e4 c5 2. c3 Nf6 3. e5 Nd5 4. Nf3 e6 5. Bc4 d6 6. d4 cxd4 7. cxd4 Nc6 8. O-O Be7 9. exd6 Qxd6 10. Nc3 O-O 11. Re1 Qd8 12. a3 b6 13. Qd3 Bb7 14. Nxd5 exd5 15. Bb3 Bf6 16. Ne5 g6 17. Bf4 Bg7 18. Rad1 Na5 19. Ba4 Nc4 20. Re2 a6 21. Nc6 Bxc6
22. Bxc6 Ra7 23. Qf3 Rd7 24. Bxd7 Qxd7 25. h3 a5 26. Rde1 a4 27. Be5 Bxe5 28. dxe5 d4 29.
Qd3 b5 30. b3 axb3 31. Qxb3 d3 32. Re4 Qd5 33. f3 d2 34. Rd1 Ra8 35. Rxc4 bxc4 36. Qe3 Rd8 37. Kf2 Qa5 38. e6 c3 39. e7 Re8 40. Qe4 Qc7 41. Qc2 Rxe7 42. Rb1 Qc5+ 43. Kf1 Qe3 44. Qd1 Qd3+ 45. Kg1 c2 0-1

[Event "GER-ch Blitz 2019"]
[Site "Magdeburg"]
[Date "2019.05.25"]
[Round "12.5"]
[White "Kopylov, Michael"]
[Black "Voege, Tobias"]
[Result "1-0"]
[ECO "D07"]
[WhiteElo "2413"]
[BlackElo "2294"]
[Annotator "NA"]
[PlyCount "61"]
[EventDate "2019.05.25"]
[EventType "tourn"]
[EventCountry "GER"]
[Tiebreak "Number of wins+Number of black wins"]
[SourceTitle "playchess.com"]
[Source "ChessBase"]
[SourceQuality "1"]
[TimeControl "180+2"]

1. d4 d5 2. c4 Nc6 3. Nc3 Nf6 4. cxd5 Nxd5 5. Nf3 Bg4 6. e3 e5 7. Be2 exd4 8. exd4 Bb4 9. Bd2 O-O 10. O-O Re8 11. h3 Bh5 12. Bc4 Bxc3 13.
bxc3 Na5 14. Bd3 Bg6 15. Be2 Nc6 16. Re1 a6 17. a4 Qd6 18.
Qb3 b6 19. Bf1 Na5 20. Qa2 Nf4 21. Ne5 Nd5 22. Nc4 Nxc4 23. Bxc4 Nf4 24. Bxa6 h6 25. Bb5 Rxe1+ 26. Rxe1 Ra7 27. Re5 Nd3 28. Bxd3 Bxd3 29. Re8+ Kh7 30. Qxf7 Rxa4 31. Qg8+ 1-0

[Event "GER-ch Blitz 2019"]
[Site "Magdeburg"]
[Date "2019.05.25"]
[Round "12.6"]
[White "Braeuning, Rudolf Wilhelm"]
[Black "Kirchner, Thomas"]
[Result "0-1"]
[ECO "C52"]
[WhiteElo "2285"]
[BlackElo "2311"]
[Annotator "NA"]
[PlyCount "72"]
[EventDate "2019.05.25"]
[EventType "tourn"]
[EventCountry "GER"]
[Tiebreak "Number of wins+Number of black wins"]
[SourceTitle "playchess.com"]
[Source "ChessBase"]
[SourceQuality "1"]
[TimeControl "180+2"]

1. e4 e5 2. Nf3 Nc6 3. Bc4 Bc5 4. b4 Bxb4 5. c3 Ba5 6. d4 d6 7. dxe5 dxe5 8.
Qxd8+ Nxd8 9. Nxe5 Be6 10. O-O Nf6 11. f3 Bb6+ 12. Kh1 Nd7 13.
Bxe6 Nxe5 14. Bd5 c6 15. Bb3 Nd3 16. g3 Ne6 17. Nd2 O-O-O 18. Nc4 Bc7 19. Be3 b5 20. Nd2 Ne5 21. Bc2 Bb6 22. Bxb6 axb6 23. Nb3 Kb7 24. a4 bxa4 25. Rxa4 Ra8 26. Rfa1 Rxa4 27. Rxa4 Nxf3 28. Nd4 Nfxd4 29. cxd4 Rd8 30. d5 cxd5 31.
exd5 Nc5 32. Rd4 Rd6 33. Bxh7 g6 34. h4 Nd7 35. Bg8 Ne5 36.
g4 Kc7 0-1

[Event "GER-ch Blitz 2019"]
[Site "Magdeburg"]
[Date "2019.05.25"]
[Round "12.7"]
[White "Heidrich, Manfred"]
[Black "Heistermann, Till"]
[Result "0-1"]
[ECO "B00"]
[WhiteElo "2351"]
[BlackElo "2181"]
[Annotator "NA"]
[PlyCount "60"]
[EventDate "2019.05.25"]
[EventType "tourn"]
[EventCountry "GER"]
[Tiebreak "Number of wins+Number of black wins"]
[SourceTitle "playchess.com"]
[Source "ChessBase"]
[SourceQuality "1"]
[TimeControl "180+2"]

1. e4 d6 2. d4 e5 3. dxe5 dxe5 4. Qxd8+ Kxd8 5. Bc4 f6 6. Nc3 c6 7. f4 Nd7 8. Nf3 Bd6 9. g3 Kc7 10.
Be3 Nh6 11. f5 Ng4 12. Bg1 Bc5 13. Ke2 b5 14. Bb3 a5 15. a4 b4 16. Nd1 Ba6+ 17. Ke1 Bxg1 18. Rxg1 Nc5 19. h3 Nh6 20. Nf2 Rad8 21. Rd1 Rxd1+ 22. Kxd1 Rd8+ 23. Kc1 Ng8 24. g4 h6 25. h4 Ne7 26. g5 hxg5 27. hxg5 Kb6 28. gxf6 gxf6 29. Rg7 Nc8 30.
Rf7 Nd6 0-1

[Event "GER-ch Blitz 2019"]
[Site "Magdeburg"]
[Date "2019.05.25"]
[Round "12.8"]
[White "Barzen, Pascal"]
[Black "Svane, Frederik"]
[Result "0-1"]
[ECO "B24"]
[WhiteElo "2292"]
[BlackElo "2342"]
[Annotator "NA"]
[PlyCount "120"]
[EventDate "2019.05.25"]
[EventType "tourn"]
[EventCountry "GER"]
[Tiebreak "Number of wins+Number of black wins"]
[SourceTitle "playchess.com"]
[Source "ChessBase"]
[SourceQuality "1"]
[TimeControl "180+2"]

1. e4 c5 2. Nc3 Nc6 3. g3 g6 4. Bg2 Bg7 5. d3 e6 6. Be3 Nd4 7. f4 Ne7 8. Nf3 O-O 9. O-O b6 10. e5 Nxf3+ 11. Bxf3 Rb8 12.
Ne4 Nf5 13. Bf2 d5 14. Nd2 f6 15. exf6 Qxf6 16. c3 Ba6 17. Qc2 Qf7 18. Rae1 Rbe8 19. g4 Nd6 20. Bg3 Qd7 21. Bg2 c4 22. d4 b5 23. a3 Bb7 24. Nf3 a5 25. Ne5 Qc7 26. h4 Ne4 27. Bxe4 dxe4 28. Qe2 Bxe5 29. fxe5 Rf3 30. Rxf3 exf3 31. Qf2 Rf8 32. Rd1 Bd5 33.
Kh2 Qb7 34. Rd2 b4 35. axb4 axb4 36. h5 gxh5 37. gxh5 Rf5 38. Bh4 Rxh5 39. Qg3+ Qg7 40. Qxg7+ Kxg7 41. Kg3 bxc3 42. bxc3 Rh6 43. Bf6+ Kf7 44. Kf4 Rg6 45. Ra2 Rg2 46. Ra7+ Kg6 47. Rg7+ Kh6 48. Rf7 f2 49. Ke3 f1=Q 50. Bg7+ Rxg7 51. Rxf1 Rg3+ 52. Kd2 Rd3+ 53. Kc2 Kg7 54. Rf6 h5 55. Rf4 Kg6 56. Rf6+ Kg5 57. Rf7 h4 58. Kb2 h3 59. Ka3 h2 60. Rh7 h1=Q 0-1

[Event "GER-ch Blitz 2019"]
[Site "Magdeburg"]
[Date "2019.05.25"]
[Round "12.9"]
[White "Schulze, Marc"]
[Black "Hebbinghaus, Holger"]
[Result "0-1"]
[ECO "A41"]
[WhiteElo "2220"]
[BlackElo "2310"]
[Annotator "NA"]
[PlyCount "128"]
[EventDate "2019.05.25"]
[EventType "tourn"]
[EventCountry "GER"]
[Tiebreak "Number of wins+Number of black wins"]
[SourceTitle "playchess.com"]
[Source "ChessBase"]
[SourceQuality "1"]
[TimeControl "180+2"]

1. d4 d6 2. Bf4 g6 3. h3 Bg7 4. Nf3 c5 5. e3 Nf6 6. c3 Qb6 7. Qb3 Be6 8. Qxb6 axb6 9. a3 O-O 10. Nbd2 Nc6 11. Bc4 Bxc4 12. Nxc4 b5 13. Ncd2 b4 14. cxb4 Nxb4 15. Ke2 Nbd5 16. Bh2 cxd4 17. Nxd4 Rfc8 18. Rhc1 Nd7 19. N2b3 Nc5 20. Rab1 Nxb3 21. Nxb3 Nb6 22. Kd3 Na4 23.
Rxc8+ Rxc8 24. Nd4 e5 25.
Ne2 Nxb2+ 26. Ke4 Rc2 27. Nc3 Rxc3 28. Rxb2 Rxa3 29. Rxb7 h5 30. g4 Ra2 31. Bg3 Ra4+ 32. Kd5 hxg4 33. hxg4 Rxg4 34. Kxd6 e4 35. Rb8+ Kh7 36. Ke7 f5 37. Kf7 Rg5 38. Rb7 Rh5 39. Ke8 Kg8 40. Ke7 Rh1 41. Ke6 Ra1 42. Rb8+ Kh7 43. Rb7 Ra6+ 44. Kd5 Kg8 45. Bd6 Bf6 46. Ke6 Bc3 47. Kd7 Kf7 48. Bf4 Bf6 49. Bd6 g5 50. Rb5 Kg6 51. Ke6 Bg7 52. Ke7 Bf8+ 53. Kxf8 Rxd6 54. Ke7 Rd2 55. Rb6+ Kh5 56. Kf6 Kg4 57. Rb1 Rxf2 58. Rg1+ Kf3 59. Kxf5 Kxe3+ 60. Kxg5 Rf8 61. Re1+ Kd3 62.
Rd1+ Ke2 63. Rd7 e3 64. Kg4 Kf2 0-1

[Event "GER-ch Blitz 2019"]
[Site "Magdeburg"]
[Date "2019.05.25"]
[Round "12.10"]
[White "Krause, Benedict"]
[Black "Zelbel, Patrick"]
[Result "1-0"]
[ECO "C50"]
[WhiteElo "2434"]
[BlackElo "2439"]
[Annotator "NA"]
[PlyCount "119"]
[EventDate "2019.05.25"]
[EventType "tourn"]
[EventCountry "GER"]
[Tiebreak "Number of wins+Number of black wins"]
[SourceTitle "playchess.com"]
[Source "ChessBase"]
[SourceQuality "1"]
[TimeControl "180+2"]

1. e4 e5 2. Nf3 Nc6 3. Bc4 Nf6 4. d3 Bc5 5. O-O O-O 6. Nbd2 h6 7. h3 a6 8. c3 d6 9. Bb3 Re8 10. Re1 Be6 11. Bxe6 Rxe6 12. b4 Ba7 13. Qc2 d5 14. Nb3 dxe4 15. dxe4 Nh5 16. a4 Qf6 17. b5 Ne7 18. c4 Rd8 19. c5 c6 20. b6 Bb8 21. Be3 Ng6 22. Rad1 Nhf4 23. Bxf4 Nxf4 24. Rxd8+ Qxd8 25. Rd1 Qf6 26. Kh2 Qg6 27. g3 Qf6 28. Nh4 g6 29. Rd7 Re7 30. Rd8+ Kg7 31. Rxb8 Rd7 32. Rc8 Nd3 33. Kg1 Qe6 34. Rc7 Rd8 35. Rxb7 Qxh3 36. Rc7 Nb2 37. Nd2 Nd3 38. Nf1 Ne1 39. Qe2 Nd3 40. b7 Nxc5 41. Rc8 Nxb7 42. Rxd8 Nxd8 43. Qxa6 Qe6 44. Qb6 Qd6 45. a5 Ne6 46. a6 Nc7 47. a7 Qd7 48. Qb8 c5 49. a8=Q Nxa8 50. Qxa8 Qd4 51. Qd5 Qc3 52. Kg2 f6 53. Qd7+ Kg8 54. Nxg6 Qc2 55. Qd5+ Kg7 56. Nh4 c4 57. Nf5+ Kf8 58. Qd8+ Kf7 59. Qe7+ Kg8 60. Qg7# 1-0

[Event "GER-ch Blitz 2019"]
[Site "Magdeburg"]
[Date "2019.05.25"]
[Round "12.11"]
[White "Kopylov, Daniel"]
[Black "Schneider, Ilja"]
[Result "1-0"]
[ECO "B07"]
[WhiteElo "2263"]
[BlackElo "2494"]
[Annotator "ChessBase"]
[PlyCount "94"]
[EventDate "2019.05.25"]
[EventType "tourn"]
[EventCountry "GER"]
[Tiebreak "Number of wins+Number of black wins"]
[SourceTitle "playchess.com"]
[Source "ChessBase"]
[SourceQuality "1"]
[TimeControl "180+2"]

1. e4 d6 2. d4 Nf6 3. Nc3 e5 4. Nf3 exd4 5. Nxd4 Be7 6. Bc4 O-O 7. O-O Re8 8. Re1 Bf8 9. h3 Nbd7 10. a4 a5 11. Bf4 Ne5 12. Bxe5 dxe5 13. Nf3 Qxd1 14. Raxd1 c6
15. Ng5 Be6 16. Bxe6 fxe6 17. Nf3 Bb4 18. Nxe5 Rad8 19. Nd3 Bxc3 20. bxc3 Rd7 21. Nc5 Rxd1 22. Rxd1 b6 23. Nd7 Nxe4 24. Nxb6 Nxc3 25. Rd6 c5 26. Rc6 Rb8 27. Rxc5 Rxb6 28. Rxc3 Rb4 29. Ra3 Kf7 30. g3 Kf6 31. Kg2 Ke5 32. h4 h5 33. Rc3 Kd6 34. Ra3 g6 35.
Kf3 Kd5 36. Ke3 Ke5 37. Kd2 Kd5 38. Rd3+ Ke5 39. Re3+ Kd5 40. Rd3+ Ke5 41. Re3+ Kd6 42. Ra3 Kd5 43. Kc1 e5 44. c3 Re4 45. Ra2 Kc4 46. Kd2 Kd5
47. Ra1 Rc4 1-0

[Event "GER-ch Blitz 2019"]
[Site "Magdeburg"]
[Date "2019.05.25"]
[Round "12.12"]
[White "Carow, Johannes"]
[Black "Schmaltz, Roland"]
[Result "0-1"]
[ECO "A45"]
[WhiteElo "2445"]
[BlackElo "2461"]
[Annotator "ChessBase"]
[PlyCount "83"]
[EventDate "2019.05.25"]
[EventType "tourn"]
[EventCountry "GER"]
[Tiebreak "Number of wins+Number of black wins"]
[SourceTitle "playchess.com"]
[Source "ChessBase"]
[SourceQuality "1"]
[TimeControl "180+2"]

1. d4 Nf6 2. Bg5 e6 3. Nd2 c5 4. e3 b6 5. Bd3 Bb7 6. Ngf3 Be7 7. O-O cxd4 8. exd4 O-O 9. Re1 d6 10. a4 a6 11. c3 Nbd7 12. Qb3 Re8 13.
Bf1 Qc7 14. c4 h6 15. Bf4 Bf8 16. a5 bxa5 17. Qa2 e5 18. Be3 Ng4 19. Qxa5 Qc8 20. b4 Nxe3 21. Rxe3 e4 22. Nh4 g6 23. d5 Nf6 24. g3 h5 25. f4 exf3 26. Rxf3 Bg7 27. Nb3 Ng4 28. Rc1 Ne5 29. Rf2 Bh6 30. Rc3 Bg5 31. Nf3 Bd8 32. Qa1 Bf6 33. Nfd4 Ng4 34. Rff3 Qd8 35. Bh3 Ne5 36. Rf2 Bc8 37. Qf1 Bxh3
38. Qxh3 Ng4 39. Rf1 Qb6 40. c5 Qxb4 41. Rd3 Qc4 42. Rfd1 0-1

[Event "GER-ch Blitz 2019"]
[Site "Magdeburg"]
[Date "2019.05.25"]
[Round "12.13"]
[White "Stein, Robert"]
[Black "Schulz, Karsten"]
[Result "1-0"]
[ECO "D71"]
[WhiteElo "2318"]
[BlackElo "2227"]
[Annotator "NA"]
[PlyCount "91"]
[EventDate "2019.05.25"]
[EventType "tourn"]
[EventCountry "GER"]
[Tiebreak "Number of wins+Number of black wins"]
[SourceTitle "playchess.com"]
[Source "ChessBase"]
[SourceQuality "1"]
[TimeControl "180+2"]

1. d4 Nf6 2. c4 g6 3. g3 Bg7 4. Bg2 O-O 5. Nc3 c6 6. Nf3 d5 7. cxd5 cxd5 8. O-O Ne4 9. Qb3 Nxc3 10. Qxc3 Nc6 11. Bf4 Bg4 12. Ne5 Nxe5 13. dxe5 Bxe2 14. Rfe1 Ba6 15. h4 e6 16. h5 Rc8 17. Qd2 Qc7 18. Rac1 Qb6 19. Bg5 Rxc1 20. Qxc1 Qc6 21. Qf4 Rc8 22. h6 Bf8 23. b3 Qc2 24. Bh3 Qc3 25. Re3 Qc1+ 26. Kh2 Rc2 27. Qf6 Rc7 28. Bxe6 Qc6 29. Bg4 Qxf6 30. exf6 d4 31. Re8 d3 32. Bd2 b6 33. Bb4 Rc5 34. Bxc5 bxc5 35. Rd8 Bb5 36. Bf3 a5 37. Be4 c4 38. bxc4 Bxc4 39. a3 a4 40. Bxd3 Bb3 41. Bb5 Bc2 42. Ra8 Bb3 43.
Bxa4 Bd5 44. Rd8 Be6 45. Bd7 Bb3 46. a4 1-0

[Event "GER-ch Blitz 2019"]
[Site "Magdeburg"]
[Date "2019.05.25"]
[Round "12.14"]
[White "Stern, Rene"]
[Black "Zuyev, Igor"]
[Result "1-0"]
[ECO "A04"]
[WhiteElo "2538"]
[BlackElo "2447"]
[Annotator "ChessBase"]
[PlyCount "67"]
[EventDate "2019.05.25"]
[EventType "tourn"]
[EventCountry "GER"]
[Tiebreak "Number of wins+Number of black wins"]
[SourceTitle "playchess.com"]
[Source "ChessBase"]
[SourceQuality "1"]
[TimeControl "180+2"]

1. Nf3 c5 2. c4 Nc6 3. Nc3 g6 4. e3 Bg7 5. d4 cxd4 6. exd4 Nf6 7. d5 Nb8 8. Bd3 a5 9. O-O Na6 10. Be3 b6 11. d6 exd6 12. Nb5 O-O 13.
Nxd6 Nc5 14. Be2 Ne8 15. Nxc8 Rxc8 16. Bd4 Nc7 17. Bxg7 Kxg7 18. Nd4 N7e6 19. Nb5 Qf6 20. b3 Rfd8 21. Bf3 d6 22. Qd2 Nf4 23. Rad1 Nfd3 24. Qc3 Ne5 25. Bd5 Ng4 26. h3 Qxc3 27. Nxc3 Nf6 28. Bf3 Rc7 29. Rd2 Re7 30. Rfd1 Re6 31. Rd4 h6 32. g3 h5 33. Kg2 Nb7 34. Bxb7 1-0

[Event "GER-ch Blitz 2019"]
[Site "Magdeburg"]
[Date "2019.05.25"]
[Round "12.15"]
[White "Frischmann, Rick"]
[Black "Hirneise, Jens"]
[Result "1-0"]
[ECO "B31"]
[WhiteElo "2320"]
[BlackElo "2375"]
[Annotator "NA"]
[PlyCount "147"]
[EventDate "2019.05.25"]
[EventType "tourn"]
[EventCountry "GER"]
[Tiebreak "Number of wins+Number of black wins"]
[SourceTitle "playchess.com"]
[Source "ChessBase"]
[SourceQuality "1"]
[TimeControl "180+2"]

1. e4 c5 2. Nf3 Nc6 3. Bb5 g6 4. Bxc6 dxc6 5. d3 Bg7 6. h3 Nf6 7. Nc3 O-O 8. Be3 b6 9. Qd2 e5 10. Bh6 Qd6 11. Bxg7 Kxg7 12. O-O Nd7 13. Nh2 f6 14. Ng4 Nb8 15.
Qh6+ Kg8 16. f4 Bxg4 17. hxg4 exf4 18. Rxf4 Nd7 19. Raf1 Rae8 20. Kh1 Qe5 21. Nd1 Qd6 22. Ne3 Ne5 23. Qh2 Rf7 24. Qg3 Ref8 25. R4f2 Kg7 26. Qf4 Kg8 27. a3 Kg7 28. Rd1 Rd7 29. Kg1 Nf7 30. Qf3 Ng5 31. Qe2 Qg3 32. Kf1 h5 33. gxh5 Rh8 34. e5 Qxe5 35. Ng4 Qxe2+ 36. Kxe2 Re7+ 37. Kd2 Rxh5 38. Nxf6 Rh2 39. Rdf1 Ne6 40. Ne4 Nd4 41. c3 Ne6 42. b4 cxb4 43. axb4 Rd7 44. Kc2 Rh8 45. Kb3 Rhd8 46. d4 c5 47. Nf6 Rc7 48. d5 c4+ 49. Kb2 Ng5 50. d6 Rf7 51. d7 Rxf6 52.
Rxf6 Rxd7 53. R6f2 Ne4 54.
Rc2 Ng3 55. Rf4 Rc7 56. b5 Nf5 57. Re2 Nd6 58. Re5 Rb7 59.
Ka3 Rc7 60. Kb4 Nc8 61. Rd4 Ne7 62. g4 Ng8 63. Re8 Nf6 64.
Red8 Kf7 65. g5 Nh5 66. R8d7+ Rxd7 67. Rxd7+ Ke6 68. Rxa7 Nf4 69. Rb7 Kf5 70. Kxc4 Kxg5 71. Rxb6 Kf5 72. Rd6 g5 73. b6 g4 74. b7 1-0

[Event "GER-ch Blitz 2019"]
[Site "Magdeburg"]
[Date "2019.05.25"]
[Round "13.1"]
[White "Gustafsson, Jan"]
[Black "Koch, Thomas"]
[Result "1/2-1/2"]
[ECO "A17"]
[WhiteElo "2639"]
[BlackElo "2474"]
[Annotator "ChessBase"]
[PlyCount "99"]
[EventDate "2019.05.25"]
[EventType "tourn"]
[EventCountry "GER"]
[Tiebreak "Number of wins+Number of black wins"]
[SourceTitle "playchess.com"]
[Source "ChessBase"]
[SourceQuality "1"]
[TimeControl "180+2"]

1. Nf3 Nf6 2. c4 e6 3. Nc3 Bb4 4. Qc2 O-O 5. a3 Bxc3 6.
Qxc3 b6 7. e3 Bb7 8. Be2 d6 9. b4 c5 10. Bb2 Nbd7 11. O-O Rc8 12. d3 Re8 13. Nd2 Qc7 14. f4 Qb8 15. b5 Rcd8 16. a4 a5 17. g4 Re7 18. g5 Ne8 19. Bf3 d5 20.
Rae1 d4 21. Qc1 dxe3 22. Nb3 Nf8 23. Qxe3 Ng6 24. d4 Red7 25. Bxb7 Qxb7 26. f5 Nh4 27. d5 Nd6 28. fxe6 fxe6 29. Qxe6+ Rf7 30. Nd2 Qd7 31. Rxf7 Qxf7 32. Be5 Qxe6 33. dxe6 Ne8 34. Ne4 Nf3+ 35. Kf2 Nxe5 36. Kg3 Ng6 37. h4 Rd3+ 38. Kg4 Rd4 39. h5 Nd6 40. hxg6 hxg6 41. Kf4 Rxc4 42. Ke5 Rxe4+ 43. Rxe4 Nxe4 44. Kxe4 Kf8 45. Ke5 Ke7 46. Kd5 c4 47. Kxc4 Kxe6 48. Kd4 Kd6 49. Ke4 Ke6 50. Kd4 1/2-1/2

[Event "GER-ch Blitz 2019"]
[Site "Magdeburg"]
[Date "2019.05.25"]
[Round "13.2"]
[White "Wichmann, Cliff"]
[Black "Baskin, Robert"]
[Result "0-1"]
[ECO "D37"]
[WhiteElo "2280"]
[BlackElo "2398"]
[Annotator "NA"]
[PlyCount "80"]
[EventDate "2019.05.25"]
[EventType "tourn"]
[EventCountry "GER"]
[Tiebreak "Number of wins+Number of black wins"]
[SourceTitle "playchess.com"]
[Source "ChessBase"]
[SourceQuality "1"]
[TimeControl "180+2"]

1. d4 Nf6 2. c4 e6 3. Nf3 d5 4. Nc3 a6 5. cxd5 exd5 6. Bf4 Bd6 7. Bg3 O-O 8. e3 Bf5 9. Bd3 Bxd3 10. Qxd3 Re8 11. O-O Nbd7 12. Rac1 Bxg3 13. hxg3 c6 14. b4 Ne4 15. a4 b5 16. Ne5 Nxe5 17. dxe5 Rxe5 18. Nxe4 Rxe4 19. Rxc6 bxa4 20. Rc5 Rxb4 21.
Rxd5 Qe8 22. Rd1 Rbb8 23. Rd7 h6 24. Qc4 a3 25. Qa2 Rd8 26.
R7d3 Qe7 27. Kh2 a5 28. f3 a4 29. e4 h5 30. Rd5 h4 31. gxh4 Qxh4+ 32. Kg1 Rxd5 33. exd5 Qb4 34. d6 Rd8 35. d7 Qb6+ 36. Kh1 Qh6+ 37. Kg1 Qe3+ 38. Kh1 Qb3 39. Qd2 a2 40. Qg5 Qxd1+ 0-1

[Event "GER-ch Blitz 2019"]
[Site "Magdeburg"]
[Date "2019.05.25"]
[Round "13.3"]
[White "Buhmann, Rainer"]
[Black "Feuerstack, Aljoscha"]
[Result "1-0"]
[ECO "A57"]
[WhiteElo "2573"]
[BlackElo "2441"]
[Annotator "ChessBase"]
[PlyCount "109"]
[EventDate "2019.05.25"]
[EventType "tourn"]
[EventCountry "GER"]
[Tiebreak "Number of wins+Number of black wins"]
[SourceTitle "playchess.com"]
[Source "ChessBase"]
[SourceQuality "1"]
[TimeControl "180+2"]

1. d4 Nf6 2. c4 c5 3. d5 b5 4. cxb5 a6 5. b6 Bb7 6. Nc3 d6 7. e4 g6 8. Nf3 Bg7 9. a4 Qxb6 10. a5 Qa7 11. Bc4 O-O 12. O-O Nbd7 13. h3 Rab8 14. Be3 Ba8 15. Qc2 Ne8 16. Bg5 Ne5 17. Nxe5 Bxe5 18. Na4 Nf6 19. Nb6 Rfe8 20. Ra2 Bb7 21. b3 Bc8 22. Qd3 Nd7 23. Nxc8 Rexc8 24. Bxa6 Rc7 25. Bc4 Bd4 26. Bf4 Ne5 27. Bxe5 Bxe5 28. f4 Bd4+ 29. Kh1 Rb4 30. a6 Rc8 31. Re2 Qc7 32. e5 dxe5 33. fxe5 Bxe5 34. Rxf7 Qd6 35. Rf1 Ra8 36. Qe3 Bf6 37. Qe6+ Qxe6 38. Rxe6 Ra7 39. d6 Kg7 40. dxe7 Bxe7 41. Rc6 Bf8 42. Rc8 Bd6 43. Rg8+ Kh6 44. Rd8 Be7 45. Re8 Bd6 46. Re6 Bg3 47. Rf3 Bh4 48. g3 Be7 49. Kg2 Rb8 50.
Rf7 Re8 51. Kf3 Rf8 52. Rxf8 Bxf8 53. Ke4 Rd7 54. Bd5 Bg7 55. Bb7 1-0

[Event "GER-ch Blitz 2019"]
[Site "Magdeburg"]
[Date "2019.05.25"]
[Round "13.4"]
[White "Voege, Tobias"]
[Black "Braeuer, Franz"]
[Result "1-0"]
[ECO "E21"]
[WhiteElo "2294"]
[BlackElo "2445"]
[Annotator "NA"]
[PlyCount "115"]
[EventDate "2019.05.25"]
[EventType "tourn"]
[EventCountry "GER"]
[Tiebreak "Number of wins+Number of black wins"]
[SourceTitle "playchess.com"]
[Source "ChessBase"]
[SourceQuality "1"]
[TimeControl "180+2"]

1. d4 Nf6 2. c4 e6 3. Nc3 Bb4 4. Nf3 b6 5. Bg5 h6 6. Bh4 g5 7. Bg3 Bb7 8. e3 Ne4 9. Qc2 Bxc3+ 10. bxc3 d6 11. Bd3 f5 12. d5 Nd7 13. Nd4 Ndc5
14. dxe6 Qf6 15. f3 Nxd3+ 16. Qxd3 Nc5 17. Qc2 Rf8 18. e7 Kxe7 19. h4 Rae8 20. hxg5 hxg5 21. O-O-O Kd8 22. Nb5 Kc8 23. Nxc7 Rxe3 24. Nb5 Rd8 25. Bf2 Re6 26. Rh7 a6 27. Bd4 Qf8 28. Nc7 Re7 29. Rxe7 Qxe7 30. Nd5 Bxd5 31. cxd5 Qd7 32. Bxc5 dxc5 33. c4 Kb7 34. Re1 Re8 35. Rxe8 Qxe8 36. Qxf5 Qe1+ 37. Kc2 Qe2+ 38. Kb3 Qd1+ 39. Qc2 Qd4 40. Qc3 Qd1+ 41. Kb2 Qe2+ 42. Qc2 Qe5+ 43. Kb1 Qe1+ 44. Qc1 Qb4+ 45. Ka1 Kc7 46. g3 b5 47. f4 gxf4 48. Qxf4+ Kb6 49. Qd6+ Ka5 50. Qf4 Qe1+ 51. Kb2 Qe2+ 52. Kc1 bxc4 53. Qd2+ Qxd2+ 54. Kxd2 Kb6 55. g4 Kc7 56. g5 Kd6 57. g6 Ke7 58. Kc3 1-0

[Event "GER-ch Blitz 2019"]
[Site "Magdeburg"]
[Date "2019.05.25"]
[Round "13.5"]
[White "Ehmann, Thilo"]
[Black "Braeuning, Rudolf Wilhelm"]
[Result "1/2-1/2"]
[ECO "B36"]
[WhiteElo "2291"]
[BlackElo "2285"]
[Annotator "NA"]
[PlyCount "99"]
[EventDate "2019.05.25"]
[EventType "tourn"]
[EventCountry "GER"]
[Tiebreak "Number of wins+Number of black wins"]
[SourceTitle "playchess.com"]
[Source "ChessBase"]
[SourceQuality "1"]
[TimeControl "180+2"]

1. e4 c5 2. Nf3 g6 3. d4 cxd4 4. Nxd4 Nc6 5. c4 Nf6 6. Nc3 d6 7. Be2 Nxd4 8. Qxd4 Bg7 9. Be3 O-O 10. Qd2 a5 11. O-O a4 12. Rac1 Qa5 13.
Rfd1 Be6 14. f3 Rfc8 15. Nb5 Qxd2 16. Rxd2 Nd7 17. Nd4 Nc5 18. Nxe6 Nxe6 19. Rb1 Nc5 20. Kf2 Kf8 21. Bf1 Ra6 22. b4 axb3 23. axb3 Ra3 24. b4 Ne6 25. c5 Rxe3 26. Kxe3 Bh6+ 27. Ke2 Bxd2 28. Kxd2 dxc5 29. bxc5 Nxc5 30. Rb6 Rc6 31. Rb5 b6 32. Ke3 e6 33. Rb1 Ke7 34. Ra1 Rc7 35. Rb1 Rb7 36. Bb5 Ra7 37. Bf1 Ra3+ 38. Kd2 Rb3 39. Ra1 Rb2+ 40. Ke3 Kf6 41. Ra7 Rb3+ 42. Kf2 Nd3+ 43. Ke3 Ne5+ 44. Kf2 Nc6 45. Rc7 Nd4 46. Rd7 Nc2 47. Rc7 Nd4 48. Rd7 Nc2 49. Rc7 Nd4 50. Rd7 1/2-1/2

[Event "GER-ch Blitz 2019"]
[Site "Magdeburg"]
[Date "2019.05.25"]
[Round "13.6"]
[White "Heistermann, Till"]
[Black "Kopylov, Michael"]
[Result "1/2-1/2"]
[ECO "A10"]
[WhiteElo "2181"]
[BlackElo "2413"]
[Annotator "NA"]
[PlyCount "164"]
[EventDate "2019.05.25"]
[EventType "tourn"]
[EventCountry "GER"]
[Tiebreak "Number of wins+Number of black wins"]
[SourceTitle "playchess.com"]
[Source "ChessBase"]
[SourceQuality "1"]
[TimeControl "180+2"]

1. c4 f5 2. g3 Nf6 3. Bg2 g6 4. Nc3 Bg7 5. Nf3 d6 6. d4 O-O 7. d5 Na6 8. Nd4 Nc5 9. O-O a5 10. b3 Bd7 11. Bb2 g5 12.
Qc2 f4 13. a3 Qe8 14. b4 Na6 15. Qb3 Qh5 16. Ne4 Ng4 17. h3 Ne5 18. g4 Qh6 19. Ne6 Bxe6 20. dxe6 c6 21. b5 Nc7 22. Rab1 a4 23. Qc2 Nxe6 24. Bxe5 Bxe5 25. bxc6 bxc6 26. Nd2 Nd4 27. Qd3 Rab8 28. Nf3 Qf6 29. Nxd4 Bxd4 30. Bxc6 Kg7 31. Bxa4 Bc5 32. Bc2 Rh8 33. Rxb8 Rxb8 34. Qxh7+ Kf8 35. a4 Rb2 36. Bd3 f3 37. exf3 Qe5 38. Qf5+ Qxf5 39. Bxf5 Ra2 40. Bd7 Kf7 41. Kg2 Kf6 42. Kg3 Rc2 43. h4 gxh4+ 44. Kxh4 Bxf2+ 45. Kh3 Bd4 46. Bb5 Ra2 47. Kg3 e5 48. f4 Ra3+ 49. Kh4 exf4 50. Rxf4+ Ke5 51. Rf5+ Ke6 52. Kg5 Be3+ 53. Kg6 Bd4 54. Bc6 Ke7 55. g5 Be5 56. Rf7+ Kd8 57. Rd7+ Kc8 58. Rf7 Kd8 59. Kf5 Kc8 60. Ke6 Rg3 61. Rf5 Kd8 62. a5 Kc7 63. Bb5 Re3 64. a6 Kb6 65. Kf7 Bd4 66. g6 Rg3 67.
Rd5 Be5 68. Rd1 Rf3+ 69. Ke6 Rf6+ 70. Kd5 Rxg6 71. Rb1 Ka7 72. Rh1 Rg7 73. Rh6 Rc7 74. Re6 Kb6 75. Ke4 Rg7 76. Rxe5 dxe5 77. Kxe5 Rg1 78. Kd4 Rd1+ 79. Ke5 Rd2 80. Ke6 Rd1 81. Ke5 Rd2 82. Ke4 Rd1 1/2-1/2